[ AOE2 MATCH · #478079947 ]
UnrankedByzantines vs Shu
[ REPLAY ANALYSIS · EXTRACTED FROM THE RECORDED GAME ]
Feudal
12:23
Castle
22:57
Imperial
—
| APM avg | 60.6 |
| APM peak | 102 |
| eAPM avg | 32.2 |
| Villagers / military | 82 / 31 |
Focus
⚔️ 33.5% · 🌾 66.5%
Spearman ×9 · Scout Cavalry ×9 · Camel Scout ×7 · Monk ×4 · Knight ×2
Feudal
11:24
Castle
25:09
Imperial
—
| APM avg | 54.6 |
| APM peak | 85 |
| eAPM avg | 31.6 |
| Villagers / military | 121 / 30 |
Focus
⚔️ 36.2% · 🌾 63.8%
Fishing Ship ×29 · Archer ×24 · Unknown (1959) ×14 · Spearman ×6
Feudal
15:11
Castle
21:15
Imperial
—
| APM avg | 57.3 |
| APM peak | 93 |
| eAPM avg | 31.8 |
| Villagers / military | 87 / 46 |
Focus
⚔️ 38.3% · 🌾 61.7%
Spearman ×19 · Mangonel ×13 · Archer ×11 · Scorpion ×3
Feudal
15:13
Castle
34:12
Imperial
—
| APM avg | 50.1 |
| APM peak | 110 |
| eAPM avg | 25.8 |
| Villagers / military | 66 / 36 |
Focus
⚔️ 43.2% · 🌾 56.8%
Scout Cavalry ×32 · Spearman ×3 · Monk ×1
Feudal
14:47
Castle
18:42
Imperial
—
| APM avg | 61.8 |
| APM peak | 117 |
| eAPM avg | 34.8 |
| Villagers / military | 143 / 18 |
Focus
⚔️ 30.7% · 🌾 69.3%
Monk ×9 · Mangonel ×5 · Knight ×3 · Battering Ram ×1
Feudal
14:01
Castle
17:25
Imperial
—
| APM avg | 55.2 |
| APM peak | 104 |
| eAPM avg | 27.9 |
| Villagers / military | 121 / 58 |
Focus
⚔️ 30.0% · 🌾 70.0%
Knight ×34 · Cavalry Archer ×20 · Fishing Ship ×11 · Scorpion ×4
Feudal
13:50
Castle
17:26
Imperial
33:08
| APM avg | 66.9 |
| APM peak | 184 |
| eAPM avg | 37.2 |
| Villagers / military | 138 / 62 |
Focus
⚔️ 56.0% · 🌾 44.0%
Cavalry Archer ×52 · Scout Cavalry ×5 · Archer ×2 · Camel Scout ×2 · Bombard Cannon ×1
Feudal
12:15
Castle
20:03
Imperial
—
| APM avg | 33.0 |
| APM peak | 137 |
| eAPM avg | 11.4 |
| Villagers / military | 34 / 6 |
Focus
⚔️ 28.0% · 🌾 72.0%
Scout Cavalry ×6
Match map
Initial resources + every placement click. Lines = walls · curves = elevation contours. ◆ gold · ⬟ stone · ● berries · ✦ relic · ◌ wall gap
Your base· Open — unwalled flank
[CL] FelipeBesitosRicos's base· Open — unwalled flank
Imfury_'s base· Open — 14t gap
BeefBro's base· Open — 7t gap
抖音ique's base· Open — 12t gap
Oni.Kingstone's base· Open — unwalled flank
展毅's base· Open — unwalled flank
Adam's base· Open — unwalled flank
Smoothed initial terrain · ◌ = detected wall gap · hover for details
Inputs per minute
— HGB - - [CL] FelipeBesitosRicos
Build order — HGB
First 150 of 179 actions detected
| 0:33 | Build | Town Center |
| 2:16 | Build | House |
| 2:39 | Queue | Villager (Male) |
| 2:41 | Queue | Villager (Male) |
| 3:06 | Queue | Villager (Male) |
| 3:06 | Queue | Villager (Male) |
| 3:37 | Queue | Villager (Male) |
| 4:36 | Research | Loom |
| 5:05 | Queue | Villager (Male) |
| 5:05 | Queue | Villager (Male) |
| 5:05 | Queue | Villager (Male) |
| 5:05 | Queue | Villager (Male) |
| 5:16 | Build | Lumber Camp |
| 5:36 | Build | House |
| 6:11 | Queue | Villager (Male) |
| 6:22 | Build | House |
| 6:25 | Queue | Villager (Male) |
| 6:53 | Queue | Villager (Male) |
| 7:03 | Queue | Villager (Male) |
| 7:30 | Queue | Villager (Male) |
| 7:30 | Queue | Villager (Male) |
| 7:37 | Build | Mill |
| 7:50 | Queue | Villager (Male) |
| 7:50 | Queue | Villager (Male) |
| 8:09 | Queue | Villager (Male) |
| 8:09 | Queue | Villager (Male) |
| 8:34 | Queue | Villager (Male) |
| 8:47 | Build | House |
| 9:10 | Queue | Villager (Male) |
| 10:13 | Research | Feudal Age |
| 10:13 | Research | Feudal Age |
| 10:56 | Build | House |
| 11:11 | Build | Barracks |
| 11:26 | Queue | Villager (Male) |
| 11:51 | Build | House |
| 11:58 | Build | House |
| 12:11 | Build | House |
| 12:23 | Age | Feudal Age |
| 12:25 | Queue | Spearman |
| 12:25 | Queue | Villager (Male) |
| 12:33 | Build | Watch Tower |
| 12:37 | Queue | Villager (Male) |
| 12:47 | Queue | Spearman |
| 12:56 | Queue | Villager (Male) |
| 13:05 | Queue | Spearman |
| 13:19 | Build | House |
| 13:35 | Queue | Villager (Male) |
| 13:39 | Build | Palisade Wall |
| 13:40 | Build | Palisade Wall |
| 13:40 | Build | Palisade Wall |
| 13:40 | Build | Palisade Wall |
| 13:41 | Build | Palisade Wall |
| 13:41 | Build | Palisade Wall |
| 13:41 | Build | Palisade Wall |
| 13:46 | Queue | Villager (Male) |
| 13:50 | Queue | Spearman |
| 14:00 | Build | Palisade Gate |
| 14:13 | Queue | Villager (Male) |
| 14:14 | Queue | Spearman |
| 14:14 | Queue | Villager (Male) |
| 14:23 | Queue | Villager (Male) |
| 14:33 | Queue | Spearman |
| 14:38 | Queue | Spearman |
| 14:39 | Queue | Villager (Male) |
| 14:57 | Build | Palisade Wall |
| 15:02 | Queue | Villager (Male) |
| 15:13 | Queue | Villager (Male) |
| 15:25 | Build | Lumber Camp |
| 15:41 | Queue | Villager (Male) |
| 15:54 | Build | Watch Tower |
| 16:13 | Queue | Villager (Male) |
| 16:16 | Build | Watch Tower |
| 16:38 | Queue | Villager (Male) |
| 17:03 | Queue | Villager (Male) |
| 17:45 | Queue | Villager (Male) |
| 18:06 | Build | Market |
| 18:28 | Build | Watch Tower |
| 18:43 | Build | Mining Camp |
| 18:46 | Queue | Villager (Male) |
| 19:10 | Build | Blacksmith |
| 19:46 | Queue | Villager (Male) |
| 20:17 | Research | Castle Age |
| 20:17 | Research | Castle Age |
| 21:21 | Build | Stable |
| 21:45 | Build | Palisade Wall |
| 21:57 | Queue | Spearman |
| 22:01 | Build | House |
| 22:01 | Build | House |
| 22:15 | Queue | Scout Cavalry |
| 22:30 | Queue | Villager (Male) |
| 22:39 | Queue | Villager (Male) |
| 22:52 | Build | Watch Tower |
| 22:57 | Age | Castle Age |
| 22:58 | Build | House |
| 22:58 | Queue | Knight |
| 23:24 | Build | Lumber Camp |
| 23:45 | Build | Farm |
| 24:03 | Queue | Knight |
| 24:11 | Queue | Villager (Male) |
| 24:21 | Queue | Villager (Male) |
| 24:30 | Queue | Villager (Male) |
| 24:30 | Queue | Villager (Male) |
| 24:54 | Queue | Villager (Male) |
| 24:57 | Queue | Villager (Male) |
| 24:57 | Queue | Villager (Male) |
| 25:11 | Queue | Camel Scout |
| 25:22 | Build | Town Center |
| 25:33 | Queue | Scout Cavalry |
| 25:34 | Queue | Spearman |
| 26:01 | Queue | Scout Cavalry |
| 26:02 | Queue | Villager (Male) |
| 26:12 | Build | Farm |
| 26:15 | Queue | Villager (Male) |
| 26:20 | Queue | Villager (Male) |
| 26:20 | Queue | Villager (Male) |
| 26:31 | Build | Farm |
| 26:40 | Queue | Scout Cavalry |
| 26:41 | Queue | Scout Cavalry |
| 26:54 | Build | Mill |
| 26:56 | Queue | Villager (Male) |
| 27:26 | Research | Light Cavalry (upgrade) |
| 27:26 | Research | Light Cavalry (upgrade) |
| 27:27 | Queue | Villager (Male) |
| 27:27 | Queue | Villager (Male) |
| 27:42 | Queue | Camel Scout |
| 27:42 | Queue | Camel Scout |
| 28:15 | Queue | Villager (Male) |
| 28:18 | Queue | Camel Scout |
| 28:18 | Queue | Camel Scout |
| 28:35 | Queue | Camel Scout |
| 28:54 | Build | Monastery |
| 29:22 | Queue | Villager (Male) |
| 29:34 | Queue | Villager (Male) |
| 29:34 | Queue | Villager (Male) |
| 30:05 | Queue | Villager (Male) |
| 30:17 | Build | Monastery |
| 30:39 | Queue | Villager (Male) |
| 30:50 | Queue | Monk |
| 31:12 | Build | Palisade Wall |
| 31:13 | Build | Palisade Wall |
| 31:14 | Build | Palisade Wall |
| 31:17 | Build | Palisade Wall |
| 31:19 | Build | Palisade Wall |
| 31:19 | Queue | Villager (Male) |
| 31:20 | Queue | Villager (Male) |
| 31:48 | Queue | Monk |
| 31:51 | Queue | Villager (Male) |
| 31:51 | Queue | Villager (Male) |
| 32:07 | Queue | Scout Cavalry |
| 32:14 | Queue | Villager (Male) |
Build order — [CL] FelipeBesitosRicos
First 150 of 303 actions detected
| 0:17 | Build | Town Center |
| 0:44 | Build | House |
| 2:44 | Queue | Villager (Male) |
| 2:44 | Queue | Villager (Male) |
| 2:44 | Queue | Villager (Male) |
| 2:45 | Queue | Villager (Male) |
| 3:33 | Research | Loom |
| 3:34 | Queue | Villager (Male) |
| 3:34 | Queue | Villager (Male) |
| 3:51 | Build | House |
| 4:00 | Queue | Villager (Male) |
| 4:28 | Queue | Villager (Male) |
| 4:28 | Queue | Villager (Male) |
| 4:29 | Build | House |
| 4:37 | Build | House |
| 4:50 | Build | House |
| 4:55 | Build | Lumber Camp |
| 4:56 | Queue | Villager (Male) |
| 5:44 | Queue | Villager (Male) |
| 5:44 | Queue | Villager (Male) |
| 5:45 | Queue | Villager (Male) |
| 5:47 | Build | House |
| 6:21 | Queue | Villager (Male) |
| 6:21 | Queue | Villager (Male) |
| 6:22 | Queue | Villager (Male) |
| 6:33 | Build | House |
| 6:43 | Queue | Villager (Male) |
| 6:43 | Queue | Villager (Male) |
| 6:51 | Build | Palisade Wall |
| 7:01 | Queue | Villager (Male) |
| 7:01 | Queue | Villager (Male) |
| 8:03 | Build | Mining Camp |
| 8:46 | Queue | Villager (Male) |
| 9:14 | Research | Feudal Age |
| 9:14 | Research | Feudal Age |
| 10:21 | Build | Barracks |
| 10:28 | Build | House |
| 11:24 | Age | Feudal Age |
| 11:25 | Build | Archery Range |
| 11:29 | Queue | Villager (Male) |
| 11:30 | Research | Double-Bit Axe |
| 11:58 | Queue | Villager (Male) |
| 11:58 | Queue | Villager (Male) |
| 12:11 | Queue | Archer |
| 12:14 | Build | Archery Range |
| 12:28 | Queue | Villager (Male) |
| 12:53 | Build | Blacksmith |
| 12:58 | Queue | Villager (Male) |
| 12:58 | Queue | Villager (Male) |
| 13:02 | Queue | Archer |
| 13:02 | Queue | Archer |
| 13:02 | Queue | Archer |
| 13:15 | Build | Palisade Wall |
| 13:16 | Queue | Archer |
| 13:25 | Queue | Villager (Male) |
| 13:39 | Queue | Archer |
| 13:42 | Queue | Archer |
| 13:42 | Queue | Archer |
| 14:00 | Queue | Villager (Male) |
| 14:00 | Queue | Villager (Male) |
| 14:17 | Queue | Archer |
| 14:39 | Queue | Villager (Male) |
| 14:57 | Queue | Archer |
| 14:58 | Queue | Archer |
| 15:03 | Queue | Villager (Male) |
| 15:11 | Research | Fletching |
| 15:45 | Queue | Villager (Male) |
| 15:47 | Queue | Archer |
| 15:49 | Build | Mill |
| 16:05 | Queue | Archer |
| 16:05 | Queue | Archer |
| 16:06 | Queue | Villager (Male) |
| 16:14 | Build | Dock |
| 16:29 | Queue | Villager (Male) |
| 16:29 | Queue | Villager (Male) |
| 16:57 | Queue | Villager (Male) |
| 16:59 | Queue | Fishing Ship |
| 17:00 | Queue | Fishing Ship |
| 17:00 | Queue | Fishing Ship |
| 17:15 | Queue | Villager (Male) |
| 17:28 | Queue | Archer |
| 17:34 | Build | House |
| 17:36 | Build | Market |
| 17:37 | Build | House |
| 17:38 | Build | House |
| 17:53 | Queue | Archer |
| 17:53 | Queue | Archer |
| 17:56 | Queue | Spearman |
| 17:56 | Queue | Spearman |
| 18:05 | Build | Palisade Wall |
| 18:06 | Build | Palisade Wall |
| 18:12 | Build | House |
| 18:13 | Build | Palisade Wall |
| 18:17 | Build | Palisade Wall |
| 18:22 | Queue | Villager (Male) |
| 18:23 | Queue | Fishing Ship |
| 18:24 | Queue | Fishing Ship |
| 18:33 | Queue | Archer |
| 18:33 | Queue | Archer |
| 18:34 | Queue | Spearman |
| 18:36 | Queue | Villager (Male) |
| 18:42 | Build | Palisade Wall |
| 18:44 | Queue | Villager (Male) |
| 18:57 | Build | Palisade Wall |
| 19:02 | Build | Palisade Wall |
| 19:03 | Build | Palisade Wall |
| 19:06 | Build | Palisade Wall |
| 19:07 | Build | Palisade Wall |
| 19:13 | Queue | Villager (Male) |
| 19:35 | Queue | Fishing Ship |
| 19:55 | Queue | Archer |
| 19:55 | Queue | Archer |
| 20:00 | Queue | Spearman |
| 20:00 | Queue | Spearman |
| 20:15 | Queue | Villager (Male) |
| 20:35 | Queue | Villager (Male) |
| 20:36 | Queue | Archer |
| 20:36 | Queue | Archer |
| 20:36 | Queue | Spearman |
| 20:44 | Build | Lumber Camp |
| 21:02 | Queue | Archer |
| 21:06 | Queue | Fishing Ship |
| 21:12 | Queue | Villager (Male) |
| 21:19 | Queue | Villager (Male) |
| 21:50 | Build | House |
| 21:52 | Build | House |
| 21:53 | Build | House |
| 22:27 | Build | Fish Trap |
| 22:29 | Research | Castle Age |
| 22:29 | Research | Castle Age |
| 22:36 | Build | Fish Trap |
| 22:42 | Build | Fish Trap |
| 22:54 | Build | Fish Trap |
| 23:29 | Research | Horse Collar |
| 24:23 | Queue | Fishing Ship |
| 24:23 | Queue | Fishing Ship |
| 24:23 | Queue | Fishing Ship |
| 24:30 | Build | Mill |
| 24:37 | Research | Stone Mining |
| 24:37 | Research | Gold Mining |
| 25:05 | Build | Fish Trap |
| 25:07 | Research | Tech 906 |
| 25:09 | Age | Castle Age |
| 25:11 | Queue | Villager (Male) |
| 25:14 | Build | Town Center |
| 25:15 | Queue | Villager (Male) |
| 25:20 | Queue | Villager (Male) |
| 25:25 | Build | Town Center |
| 25:37 | Build | Town Center |
| 25:44 | Queue | Villager (Male) |
Build order — Imfury_
First 150 of 212 actions detected
| 0:54 | Build | Town Center |
| 1:00 | Build | Lumber Camp |
| 2:06 | Build | Palisade Wall |
| 2:07 | Build | Palisade Wall |
| 2:09 | Build | Palisade Wall |
| 3:23 | Queue | Villager (Male) |
| 3:35 | Build | House |
| 3:39 | Queue | Villager (Male) |
| 3:40 | Queue | Villager (Male) |
| 3:40 | Queue | Villager (Male) |
| 4:21 | Build | House |
| 5:06 | Queue | Villager (Male) |
| 5:06 | Queue | Villager (Male) |
| 5:06 | Queue | Villager (Male) |
| 5:13 | Build | House |
| 5:38 | Build | House |
| 5:46 | Queue | Villager (Male) |
| 5:51 | Queue | Villager (Male) |
| 5:52 | Queue | Villager (Male) |
| 6:33 | Queue | Villager (Male) |
| 6:33 | Queue | Villager (Male) |
| 6:37 | Build | Mill |
| 7:06 | Queue | Villager (Male) |
| 7:08 | Build | House |
| 7:15 | Build | Palisade Wall |
| 7:31 | Queue | Villager (Male) |
| 7:31 | Queue | Villager (Male) |
| 7:47 | Research | Loom |
| 7:47 | Research | Loom |
| 7:48 | Build | House |
| 8:26 | Queue | Villager (Male) |
| 8:46 | Queue | Villager (Male) |
| 8:47 | Queue | Villager (Male) |
| 8:56 | Queue | Villager (Male) |
| 9:25 | Queue | Villager (Male) |
| 9:50 | Build | Palisade Wall |
| 9:51 | Build | Palisade Wall |
| 9:57 | Queue | Villager (Male) |
| 9:57 | Queue | Villager (Male) |
| 9:57 | Queue | Villager (Male) |
| 10:12 | Queue | Villager (Male) |
| 10:25 | Build | Mill |
| 10:28 | Queue | Villager (Male) |
| 10:28 | Queue | Villager (Male) |
| 10:28 | Queue | Villager (Male) |
| 10:42 | Queue | Villager (Male) |
| 10:58 | Queue | Villager (Male) |
| 11:04 | Build | Palisade Wall |
| 11:20 | Queue | Villager (Male) |
| 11:50 | Build | Mining Camp |
| 11:51 | Queue | Villager (Male) |
| 11:55 | Build | Palisade Wall |
| 11:56 | Build | Palisade Wall |
| 12:15 | Queue | Villager (Male) |
| 12:59 | Research | Feudal Age |
| 13:21 | Build | Barracks |
| 13:41 | Build | Outpost |
| 14:06 | Build | Outpost |
| 15:08 | Queue | Villager (Male) |
| 15:11 | Age | Feudal Age |
| 15:13 | Build | Archery Range |
| 15:19 | Research | Double-Bit Axe |
| 15:19 | Research | Double-Bit Axe |
| 15:33 | Queue | Villager (Male) |
| 15:50 | Queue | Villager (Male) |
| 15:53 | Queue | Archer |
| 15:56 | Queue | Villager (Male) |
| 16:11 | Build | Market |
| 16:21 | Queue | Archer |
| 16:22 | Research | Town Watch |
| 16:49 | Queue | Villager (Male) |
| 16:55 | Build | Outpost |
| 17:00 | Queue | Archer |
| 17:14 | Build | Blacksmith |
| 17:18 | Build | Palisade Wall |
| 17:39 | Queue | Villager (Male) |
| 17:52 | Queue | Archer |
| 18:07 | Build | Lumber Camp |
| 18:26 | Build | Watch Tower |
| 18:35 | Research | Castle Age |
| 18:41 | Queue | Spearman |
| 18:55 | Queue | Archer |
| 18:59 | Queue | Archer |
| 19:37 | Queue | Archer |
| 20:07 | Queue | Archer |
| 20:10 | Build | House |
| 20:14 | Research | Fletching |
| 20:15 | Research | Fletching |
| 20:26 | Queue | Villager (Male) |
| 20:30 | Queue | Villager (Male) |
| 20:36 | Queue | Archer |
| 20:42 | Build | Palisade Gate |
| 20:44 | Build | House |
| 20:46 | Build | House |
| 20:58 | Build | Farm |
| 20:59 | Build | Farm |
| 21:01 | Build | Farm |
| 21:02 | Build | Farm |
| 21:15 | Age | Castle Age |
| 21:39 | Queue | Archer |
| 21:43 | Build | Farm |
| 21:46 | Build | Farm |
| 21:49 | Queue | Villager (Male) |
| 21:54 | Queue | Archer |
| 22:12 | Build | Siege Workshop |
| 22:18 | Queue | Villager (Male) |
| 22:50 | Queue | Villager (Male) |
| 22:56 | Queue | Mangonel |
| 22:56 | Queue | Mangonel |
| 23:06 | Queue | Villager (Male) |
| 23:20 | Queue | Villager (Male) |
| 23:20 | Queue | Villager (Male) |
| 23:27 | Queue | Mangonel |
| 23:27 | Queue | Mangonel |
| 23:58 | Queue | Villager (Male) |
| 24:15 | Build | Farm |
| 24:17 | Build | Farm |
| 24:23 | Queue | Villager (Male) |
| 24:50 | Queue | Spearman |
| 25:07 | Queue | Villager (Male) |
| 25:14 | Queue | Mangonel |
| 25:46 | Queue | Spearman |
| 25:47 | Queue | Spearman |
| 25:48 | Queue | Villager (Male) |
| 25:48 | Queue | Villager (Male) |
| 26:03 | Queue | Villager (Male) |
| 26:35 | Build | Town Center |
| 26:45 | Queue | Spearman |
| 27:03 | Queue | Scorpion |
| 27:04 | Queue | Scorpion |
| 27:27 | Queue | Scorpion |
| 27:30 | Queue | Villager (Male) |
| 27:42 | Queue | Mangonel |
| 27:51 | Queue | Spearman |
| 27:51 | Queue | Spearman |
| 28:13 | Build | Farm |
| 28:15 | Build | Farm |
| 28:15 | Build | Farm |
| 28:30 | Queue | Spearman |
| 28:31 | Queue | Spearman |
| 28:31 | Queue | Villager (Male) |
| 28:37 | Queue | Villager (Male) |
| 28:43 | Queue | Villager (Male) |
| 28:49 | Build | Farm |
| 28:50 | Build | Farm |
| 28:50 | Build | Farm |
| 28:58 | Queue | Spearman |
| 29:06 | Queue | Spearman |
| 29:07 | Queue | Spearman |
| 29:33 | Queue | Villager (Male) |
Build order — BeefBro
First 150 of 203 actions detected
| 0:34 | Build | Town Center |
| 1:17 | Build | House |
| 2:43 | Build | House |
| 2:45 | Queue | Villager (Male) ×4 |
| 3:54 | Build | House |
| 4:04 | Queue | Villager (Male) |
| 4:29 | Build | Lumber Camp |
| 4:36 | Queue | Villager (Male) |
| 5:02 | Queue | Villager (Male) |
| 5:18 | Build | House |
| 5:21 | Build | House |
| 5:27 | Queue | Villager (Male) |
| 5:45 | Research | Loom |
| 6:16 | Queue | Villager (Male) |
| 6:17 | Queue | Villager (Male) |
| 6:17 | Queue | Villager (Male) |
| 6:21 | Build | House |
| 7:06 | Queue | Villager (Male) |
| 7:06 | Queue | Villager (Male) |
| 7:47 | Queue | Villager (Male) |
| 7:47 | Queue | Villager (Male) |
| 7:55 | Build | Mill |
| 8:18 | Queue | Villager (Male) |
| 8:18 | Queue | Villager (Male) |
| 8:48 | Queue | Villager (Male) |
| 9:09 | Queue | Villager (Male) |
| 9:42 | Queue | Villager (Male) |
| 9:42 | Queue | Villager (Male) |
| 10:20 | Queue | Villager (Male) |
| 10:20 | Queue | Villager (Male) |
| 10:20 | Queue | Villager (Male) |
| 11:00 | Build | Mill |
| 11:04 | Queue | Villager (Male) |
| 11:04 | Queue | Villager (Male) |
| 11:04 | Queue | Villager (Male) |
| 11:57 | Queue | Villager (Male) |
| 12:11 | Build | Farm |
| 12:13 | Build | Farm |
| 12:15 | Build | Farm |
| 12:23 | Build | Barracks |
| 12:30 | Queue | Villager (Male) |
| 12:47 | Build | House |
| 13:03 | Research | Feudal Age |
| 13:04 | Research | Feudal Age |
| 13:16 | Build | House |
| 13:42 | Build | Outpost |
| 13:46 | Build | Outpost |
| 14:26 | Build | House |
| 15:13 | Age | Feudal Age |
| 15:16 | Queue | Villager (Male) |
| 15:20 | Research | Town Watch |
| 15:20 | Research | Town Watch |
| 15:26 | Build | Stable |
| 15:30 | Research | Double-Bit Axe |
| 15:31 | Research | Horse Collar |
| 15:46 | Build | Watch Tower |
| 15:48 | Build | Palisade Wall |
| 15:49 | Build | Palisade Wall |
| 15:50 | Build | Palisade Wall |
| 15:53 | Build | Palisade Wall |
| 15:57 | Queue | Scout Cavalry |
| 15:57 | Queue | Scout Cavalry |
| 16:02 | Build | Palisade Wall |
| 16:16 | Build | Farm |
| 16:16 | Build | Farm |
| 16:17 | Queue | Villager (Male) |
| 16:19 | Build | Farm |
| 16:22 | Build | Farm |
| 16:27 | Build | Mining Camp |
| 16:41 | Queue | Villager (Male) |
| 16:49 | Build | Outpost |
| 16:52 | Queue | Scout Cavalry |
| 17:01 | Build | Blacksmith |
| 17:04 | Queue | Villager (Male) |
| 17:16 | Queue | Scout Cavalry |
| 17:44 | Queue | Villager (Male) |
| 17:53 | Build | Farm |
| 17:57 | Build | Farm |
| 18:00 | Build | Farm |
| 18:04 | Queue | Villager (Male) |
| 18:09 | Queue | Scout Cavalry |
| 18:11 | Research | Forging |
| 18:57 | Queue | Villager (Male) |
| 18:58 | Queue | Villager (Male) |
| 19:01 | Build | Farm |
| 19:22 | Build | Market |
| 19:33 | Queue | Villager (Male) |
| 19:49 | Queue | Scout Cavalry |
| 19:50 | Queue | Scout Cavalry |
| 19:52 | Build | Farm |
| 19:53 | Build | Farm |
| 19:56 | Build | Farm |
| 20:09 | Queue | Villager (Male) |
| 20:30 | Queue | Villager (Male) |
| 20:41 | Build | Farm |
| 21:06 | Build | Watch Tower |
| 21:19 | Build | Farm |
| 21:20 | Build | Farm |
| 21:21 | Build | Farm |
| 21:22 | Build | Mill |
| 21:22 | Build | Farm |
| 21:23 | Build | Farm |
| 21:24 | Build | Farm |
| 21:32 | Build | Farm |
| 21:33 | Build | Farm |
| 21:41 | Queue | Villager (Male) |
| 22:05 | Queue | Villager (Male) |
| 22:34 | Queue | Villager (Male) |
| 22:48 | Queue | Villager (Male) |
| 22:51 | Build | Mining Camp |
| 23:01 | Build | Watch Tower |
| 23:04 | Queue | Scout Cavalry |
| 23:10 | Research | Scale Barding Armor |
| 23:20 | Queue | Villager (Male) |
| 23:23 | Build | Lumber Camp |
| 23:46 | Queue | Villager (Male) |
| 23:48 | Queue | Scout Cavalry |
| 24:02 | Build | Stable |
| 24:04 | Queue | Villager (Male) |
| 24:21 | Research | Bloodlines |
| 24:22 | Research | Bloodlines |
| 24:25 | Queue | Villager (Male) |
| 24:29 | Build | Farm |
| 25:11 | Queue | Villager (Male) |
| 25:13 | Queue | Scout Cavalry |
| 25:14 | Queue | Scout Cavalry |
| 25:26 | Queue | Villager (Male) |
| 25:29 | Research | Fletching |
| 25:32 | Queue | Scout Cavalry |
| 25:32 | Queue | Scout Cavalry |
| 25:42 | Queue | Villager (Male) |
| 25:49 | Queue | Scout Cavalry |
| 26:13 | Queue | Scout Cavalry |
| 26:14 | Queue | Scout Cavalry |
| 26:46 | Queue | Villager (Male) |
| 27:06 | Queue | Villager (Male) |
| 27:07 | Queue | Scout Cavalry |
| 27:08 | Queue | Scout Cavalry |
| 27:37 | Queue | Villager (Male) |
| 27:38 | Build | Farm |
| 27:38 | Build | Farm |
| 27:40 | Build | House |
| 27:41 | Build | House |
| 27:41 | Build | House |
| 27:42 | Build | House |
| 28:08 | Queue | Villager (Male) |
| 28:18 | Queue | Scout Cavalry |
| 28:19 | Queue | Scout Cavalry |
| 28:19 | Queue | Villager (Male) |
| 28:39 | Build | Mill |
Build order — 抖音ique
First 150 of 269 actions detected
| 0:09 | Build | Town Center |
| 1:45 | Build | House |
| 2:32 | Build | House |
| 2:37 | Queue | Villager (Male) |
| 2:37 | Queue | Villager (Male) |
| 2:38 | Queue | Villager (Male) |
| 2:38 | Queue | Villager (Male) |
| 2:45 | Build | House |
| 2:55 | Build | House |
| 3:06 | Build | House |
| 3:17 | Build | House |
| 3:26 | Build | House |
| 3:31 | Build | House |
| 3:36 | Queue | Villager (Male) |
| 3:37 | Queue | Villager (Male) |
| 3:42 | Build | House |
| 3:52 | Build | House |
| 4:00 | Build | House |
| 4:06 | Build | House |
| 4:13 | Build | House |
| 4:18 | Build | House |
| 4:35 | Queue | Villager (Male) |
| 5:02 | Queue | Villager (Male) |
| 5:27 | Queue | Villager (Male) |
| 5:28 | Queue | Villager (Male) |
| 5:31 | Build | House |
| 5:44 | Queue | Villager (Male) |
| 5:47 | Build | House |
| 6:23 | Queue | Villager (Male) |
| 6:24 | Queue | Villager (Male) |
| 6:24 | Queue | Villager (Male) |
| 6:35 | Build | Lumber Camp |
| 6:43 | Queue | Villager (Male) |
| 6:50 | Build | House |
| 6:58 | Queue | Villager (Male) |
| 7:15 | Queue | Villager (Male) |
| 7:15 | Queue | Villager (Male) |
| 7:19 | Queue | Villager (Male) |
| 7:48 | Queue | Villager (Male) |
| 7:48 | Queue | Villager (Male) |
| 8:12 | Queue | Villager (Male) |
| 8:13 | Queue | Villager (Male) |
| 8:27 | Queue | Villager (Male) |
| 8:48 | Queue | Villager (Male) |
| 8:48 | Queue | Villager (Male) |
| 8:50 | Queue | Villager (Male) |
| 8:56 | Build | House |
| 9:17 | Queue | Villager (Male) |
| 9:19 | Queue | Villager (Male) |
| 9:29 | Queue | Villager (Male) |
| 9:34 | Queue | Villager (Male) |
| 9:57 | Queue | Villager (Male) |
| 9:59 | Build | Mill |
| 10:12 | Build | House |
| 10:19 | Build | House |
| 10:27 | Build | House |
| 10:59 | Queue | Villager (Male) |
| 11:52 | Research | Feudal Age |
| 11:52 | Research | Feudal Age |
| 11:56 | Research | Loom |
| 11:56 | Research | Loom |
| 11:57 | Research | Feudal Age |
| 11:58 | Research | Feudal Age |
| 12:10 | Build | House |
| 12:25 | Build | House |
| 12:40 | Build | House |
| 12:54 | Build | Barracks |
| 13:25 | Build | Mining Camp |
| 14:04 | Queue | Villager (Male) |
| 14:05 | Queue | Villager (Male) |
| 14:47 | Age | Feudal Age |
| 14:52 | Queue | Villager (Male) |
| 15:04 | Build | Palisade Wall |
| 15:05 | Build | Palisade Wall |
| 15:08 | Queue | Villager (Male) |
| 15:13 | Build | Blacksmith |
| 15:15 | Build | Stable |
| 15:21 | Queue | Villager (Male) |
| 15:33 | Build | Palisade Wall |
| 15:37 | Build | Palisade Wall |
| 15:52 | Research | Castle Age |
| 15:52 | Research | Castle Age |
| 15:56 | Build | Palisade Wall |
| 16:16 | Build | Lumber Camp |
| 16:27 | Queue | Villager (Male) |
| 16:42 | Queue | Villager (Male) |
| 16:42 | Queue | Villager (Male) |
| 17:06 | Build | Market |
| 17:14 | Research | Double-Bit Axe |
| 18:42 | Age | Castle Age |
| 18:45 | Build | Siege Workshop |
| 19:19 | Queue | Mangonel |
| 19:37 | Queue | Villager (Male) |
| 19:37 | Queue | Villager (Male) |
| 19:52 | Queue | Villager (Male) |
| 19:52 | Queue | Villager (Male) |
| 20:06 | Queue | Mangonel |
| 20:32 | Queue | Villager (Male) |
| 20:57 | Queue | Villager (Male) |
| 21:06 | Queue | Villager (Male) |
| 21:35 | Queue | Villager (Male) |
| 21:37 | Queue | Mangonel |
| 21:43 | Queue | Villager (Male) |
| 21:46 | Build | Monastery |
| 21:57 | Queue | Knight |
| 22:11 | Queue | Villager (Male) |
| 22:34 | Queue | Villager (Male) |
| 22:58 | Queue | Villager (Male) |
| 22:59 | Queue | Villager (Male) |
| 23:04 | Build | Town Center |
| 23:10 | Queue | Monk |
| 23:30 | Queue | Villager (Male) |
| 23:47 | Queue | Monk |
| 23:51 | Build | House |
| 24:17 | Queue | Villager (Male) |
| 24:40 | Queue | Villager (Male) |
| 24:50 | Queue | Villager (Male) |
| 25:04 | Queue | Villager (Male) |
| 25:10 | Queue | Mangonel |
| 25:14 | Queue | Villager (Male) |
| 25:14 | Queue | Villager (Male) |
| 25:16 | Build | Farm |
| 25:16 | Build | Farm |
| 25:17 | Build | Farm |
| 25:17 | Build | Farm |
| 25:17 | Build | Farm |
| 25:24 | Queue | Villager (Male) |
| 25:28 | Queue | Monk |
| 25:38 | Build | Farm |
| 25:38 | Queue | Villager (Male) |
| 25:43 | Build | House |
| 25:47 | Queue | Villager (Male) |
| 25:52 | Build | Mill |
| 25:55 | Queue | Villager (Male) |
| 26:08 | Build | Farm |
| 26:09 | Build | Farm |
| 26:10 | Build | Farm |
| 26:13 | Queue | Villager (Male) |
| 26:16 | Build | Farm |
| 26:26 | Queue | Villager (Male) |
| 26:27 | Queue | Villager (Male) |
| 26:38 | Build | Farm |
| 26:45 | Queue | Villager (Male) |
| 26:49 | Research | Town Watch |
| 26:56 | Queue | Villager (Male) |
| 27:05 | Queue | Villager (Male) |
| 27:22 | Queue | Villager (Male) |
| 27:28 | Build | Outpost |
| 27:28 | Queue | Villager (Male) |
| 27:31 | Queue | Villager (Male) |
Build order — Oni.Kingstone
First 150 of 341 actions detected
| 0:20 | Build | Town Center |
| 1:49 | Build | House |
| 2:25 | Queue | Villager (Male) |
| 2:25 | Queue | Villager (Male) |
| 2:26 | Queue | Villager (Male) |
| 2:26 | Queue | Villager (Male) |
| 2:26 | Queue | Villager (Male) |
| 3:15 | Queue | Villager (Male) |
| 4:10 | Queue | Villager (Male) |
| 4:12 | Build | House |
| 4:36 | Queue | Villager (Male) |
| 4:50 | Build | Lumber Camp |
| 5:09 | Queue | Villager (Male) |
| 5:22 | Queue | Villager (Male) |
| 5:23 | Queue | Villager (Male) |
| 6:33 | Queue | Villager (Male) |
| 6:38 | Build | House |
| 7:04 | Queue | Villager (Male) |
| 7:09 | Build | Mill |
| 7:15 | Queue | Villager (Male) |
| 7:38 | Queue | Villager (Male) |
| 7:53 | Build | House |
| 7:55 | Queue | Villager (Male) |
| 8:39 | Queue | Villager (Male) |
| 8:44 | Build | House |
| 9:02 | Queue | Villager (Male) |
| 9:16 | Queue | Villager (Male) |
| 9:49 | Queue | Villager (Male) |
| 10:13 | Build | Dock |
| 10:16 | Queue | Villager (Male) |
| 10:29 | Build | House |
| 10:31 | Build | Palisade Wall |
| 10:32 | Queue | Villager (Male) |
| 10:36 | Queue | Fishing Ship |
| 10:59 | Queue | Villager (Male) |
| 11:02 | Queue | Fishing Ship |
| 11:19 | Research | Loom |
| 11:35 | Build | Palisade Wall |
| 11:37 | Research | Feudal Age |
| 11:39 | Queue | Fishing Ship |
| 11:44 | Build | House |
| 11:57 | Build | Palisade Wall |
| 12:15 | Build | Mill |
| 12:35 | Build | Palisade Wall |
| 12:37 | Build | Palisade Wall |
| 12:38 | Build | Palisade Wall |
| 12:42 | Build | Palisade Wall |
| 12:42 | Build | Palisade Wall |
| 12:43 | Build | Palisade Wall |
| 12:50 | Build | Palisade Wall |
| 12:59 | Build | Palisade Wall |
| 13:06 | Build | Barracks |
| 13:12 | Queue | Fishing Ship |
| 13:47 | Build | Palisade Wall |
| 14:01 | Age | Feudal Age |
| 14:03 | Queue | Villager (Male) |
| 14:03 | Queue | Villager (Male) |
| 14:11 | Build | Archery Range |
| 14:18 | Build | Blacksmith |
| 14:31 | Research | Double-Bit Axe |
| 14:50 | Queue | Fishing Ship |
| 14:56 | Build | Palisade Gate |
| 14:57 | Queue | Villager (Male) |
| 14:59 | Research | Castle Age |
| 15:14 | Build | Fish Trap |
| 15:57 | Build | Archery Range |
| 16:10 | Build | House |
| 16:18 | Research | Fletching |
| 16:23 | Queue | Fishing Ship |
| 16:46 | Research | Tech 906 |
| 16:49 | Queue | Villager (Male) |
| 17:22 | Queue | Villager (Male) |
| 17:25 | Age | Castle Age |
| 17:30 | Build | Town Center |
| 17:34 | Research | Bodkin Arrow |
| 17:37 | Queue | Cavalry Archer |
| 17:39 | Queue | Villager (Male) |
| 17:43 | Queue | Cavalry Archer |
| 17:51 | Queue | Villager (Male) |
| 17:59 | Queue | Villager (Male) |
| 18:03 | Build | House |
| 18:04 | Build | House |
| 18:07 | Research | Bodkin Arrow |
| 18:09 | Queue | Cavalry Archer |
| 18:09 | Queue | Cavalry Archer |
| 18:16 | Build | House |
| 18:17 | Queue | Cavalry Archer |
| 18:35 | Queue | Villager (Male) |
| 18:51 | Queue | Villager (Male) |
| 18:51 | Queue | Villager (Male) |
| 19:06 | Queue | Villager (Male) |
| 19:15 | Queue | Fishing Ship |
| 19:17 | Build | Fish Trap |
| 19:19 | Research | Horse Collar |
| 19:21 | Queue | Cavalry Archer |
| 19:22 | Queue | Cavalry Archer |
| 19:29 | Queue | Villager (Male) |
| 19:35 | Queue | Villager (Male) |
| 19:36 | Build | House |
| 19:39 | Queue | Cavalry Archer |
| 19:44 | Queue | Villager (Male) |
| 19:56 | Build | Fish Trap |
| 19:59 | Queue | Cavalry Archer |
| 20:00 | Queue | Villager (Male) |
| 20:05 | Build | Fish Trap |
| 20:07 | Queue | Cavalry Archer |
| 20:25 | Queue | Villager (Male) |
| 20:31 | Build | House |
| 20:32 | Queue | Fishing Ship |
| 20:44 | Build | Fish Trap |
| 20:49 | Queue | Villager (Male) |
| 20:56 | Queue | Villager (Male) |
| 20:59 | Build | House |
| 20:59 | Queue | Fishing Ship |
| 21:06 | Build | Fish Trap |
| 21:09 | Queue | Villager (Male) |
| 21:20 | Queue | Villager (Male) |
| 21:29 | Queue | Villager (Male) |
| 21:42 | Build | Town Center |
| 21:45 | Queue | Cavalry Archer |
| 22:04 | Queue | Cavalry Archer |
| 22:04 | Queue | Cavalry Archer |
| 22:17 | Build | Fish Trap |
| 22:18 | Build | Fish Trap |
| 22:19 | Queue | Villager (Male) |
| 22:20 | Build | House |
| 22:23 | Build | Palisade Wall |
| 22:29 | Queue | Cavalry Archer |
| 22:40 | Queue | Cavalry Archer |
| 22:42 | Queue | Villager (Male) |
| 22:49 | Queue | Cavalry Archer |
| 22:49 | Queue | Cavalry Archer |
| 22:53 | Build | Farm |
| 22:53 | Build | Farm |
| 23:03 | Build | Farm |
| 23:04 | Build | Farm |
| 23:08 | Queue | Villager (Male) |
| 23:11 | Queue | Villager (Male) |
| 23:15 | Queue | Fishing Ship |
| 23:17 | Build | Fish Trap |
| 23:19 | Build | Farm |
| 23:20 | Build | Farm |
| 23:22 | Queue | Villager (Male) |
| 23:39 | Build | Farm |
| 23:42 | Queue | Villager (Male) |
| 23:43 | Queue | Fishing Ship |
| 23:46 | Queue | Villager (Male) |
| 23:48 | Build | Farm |
| 23:48 | Build | Farm |
| 23:55 | Queue | Villager (Male) |
Build order — 展毅
First 150 of 334 actions detected
| 0:26 | Build | Town Center |
| 1:55 | Build | House |
| 2:00 | Build | House |
| 2:30 | Queue | Villager (Male) |
| 2:30 | Queue | Villager (Male) ×4 |
| 3:11 | Build | House |
| 3:27 | Build | House |
| 3:35 | Queue | Villager (Male) |
| 3:35 | Queue | Villager (Male) |
| 3:43 | Build | House |
| 4:08 | Queue | Villager (Male) |
| 4:08 | Queue | Villager (Male) |
| 4:24 | Queue | Villager (Male) |
| 4:25 | Queue | Villager (Male) |
| 4:42 | Queue | Villager (Male) |
| 4:42 | Queue | Villager (Male) |
| 5:21 | Queue | Villager (Male) |
| 5:21 | Queue | Villager (Male) |
| 5:36 | Build | Lumber Camp |
| 5:56 | Queue | Villager (Male) |
| 5:56 | Queue | Villager (Male) |
| 5:56 | Queue | Villager (Male) |
| 6:21 | Queue | Villager (Male) |
| 6:21 | Queue | Villager (Male) |
| 6:29 | Build | House |
| 6:31 | Build | House |
| 6:48 | Queue | Villager (Male) |
| 6:50 | Queue | Villager (Male) |
| 6:50 | Queue | Villager (Male) |
| 7:19 | Queue | Villager (Male) |
| 7:25 | Queue | Villager (Male) |
| 7:26 | Queue | Villager (Male) |
| 7:30 | Build | House |
| 7:43 | Build | House |
| 7:46 | Build | House |
| 8:09 | Queue | Villager (Male) |
| 8:09 | Queue | Villager (Male) |
| 8:24 | Build | House |
| 8:40 | Build | House |
| 10:11 | Build | Mill |
| 10:20 | Queue | Villager (Male) |
| 10:41 | Research | Loom |
| 10:44 | Queue | Villager (Male) |
| 11:01 | Research | Feudal Age |
| 11:53 | Build | Barracks |
| 12:22 | Queue | Villager (Male) |
| 12:22 | Queue | Villager (Male) |
| 13:50 | Age | Feudal Age |
| 13:55 | Build | Blacksmith |
| 13:59 | Build | Blacksmith |
| 14:03 | Build | Archery Range |
| 14:08 | Build | Palisade Wall |
| 14:09 | Build | Palisade Wall |
| 14:20 | Build | Palisade Gate |
| 14:21 | Queue | Villager (Male) |
| 14:34 | Research | Double-Bit Axe |
| 14:34 | Research | Double-Bit Axe |
| 14:46 | Research | Castle Age |
| 14:46 | Research | Castle Age |
| 14:47 | Research | Castle Age |
| 14:48 | Queue | Archer |
| 14:48 | Queue | Archer |
| 14:54 | Build | Palisade Gate |
| 15:37 | Research | Fletching |
| 15:38 | Research | Fletching |
| 16:57 | Queue | Villager (Male) |
| 17:26 | Age | Castle Age |
| 17:29 | Build | Town Center |
| 17:30 | Queue | Cavalry Archer |
| 17:33 | Research | Bodkin Arrow |
| 17:33 | Research | Bodkin Arrow |
| 17:35 | Research | Bow Saw |
| 17:35 | Research | Bow Saw |
| 17:45 | Queue | Cavalry Archer |
| 17:50 | Queue | Villager (Male) |
| 18:11 | Queue | Cavalry Archer |
| 18:13 | Queue | Villager (Male) |
| 18:29 | Queue | Villager (Male) |
| 18:37 | Queue | Villager (Male) |
| 18:48 | Queue | Villager (Male) |
| 18:49 | Queue | Villager (Male) |
| 18:49 | Queue | Villager (Male) |
| 18:52 | Build | Town Center |
| 18:54 | Queue | Villager (Male) |
| 18:55 | Queue | Cavalry Archer |
| 19:25 | Queue | Villager (Male) |
| 19:27 | Research | Padded Archer Armor |
| 19:27 | Research | Padded Archer Armor |
| 19:31 | Queue | Villager (Male) |
| 19:48 | Queue | Cavalry Archer |
| 19:50 | Queue | Villager (Male) |
| 19:54 | Build | Archery Range |
| 20:17 | Queue | Villager (Male) |
| 20:21 | Queue | Cavalry Archer |
| 20:27 | Build | Mining Camp |
| 20:40 | Queue | Villager (Male) |
| 20:40 | Queue | Villager (Male) |
| 20:40 | Queue | Villager (Male) |
| 20:44 | Queue | Villager (Male) |
| 20:50 | Queue | Villager (Male) |
| 20:50 | Queue | Villager (Male) |
| 20:50 | Queue | Villager (Male) |
| 20:59 | Queue | Cavalry Archer |
| 20:59 | Queue | Cavalry Archer |
| 21:05 | Queue | Villager (Male) |
| 21:06 | Queue | Villager (Male) |
| 21:10 | Build | Farm |
| 21:12 | Build | Farm |
| 21:24 | Queue | Cavalry Archer |
| 21:33 | Queue | Villager (Male) |
| 21:33 | Queue | Villager (Male) |
| 21:40 | Queue | Villager (Male) |
| 21:40 | Queue | Villager (Male) |
| 21:42 | Build | House |
| 21:46 | Queue | Villager (Male) |
| 21:47 | Build | Farm |
| 21:49 | Build | Farm |
| 21:55 | Queue | Cavalry Archer |
| 21:58 | Build | Farm |
| 21:59 | Build | Farm |
| 22:01 | Queue | Cavalry Archer |
| 22:03 | Build | House |
| 22:04 | Build | House |
| 22:09 | Queue | Villager (Male) |
| 22:09 | Queue | Villager (Male) |
| 22:09 | Queue | Villager (Male) |
| 22:20 | Queue | Villager (Male) |
| 22:35 | Queue | Cavalry Archer |
| 22:36 | Queue | Cavalry Archer |
| 23:00 | Queue | Villager (Male) |
| 23:02 | Queue | Villager (Male) |
| 23:02 | Queue | Villager (Male) |
| 23:03 | Build | House |
| 23:33 | Build | House |
| 23:33 | Build | House |
| 23:35 | Build | House |
| 23:42 | Build | Town Center |
| 23:48 | Research | Wheelbarrow |
| 23:50 | Queue | Villager (Male) |
| 23:50 | Queue | Villager (Male) |
| 23:56 | Queue | Villager (Male) |
| 24:07 | Queue | Villager (Male) |
| 24:13 | Queue | Villager (Male) |
| 24:29 | Queue | Cavalry Archer |
| 24:30 | Queue | Villager (Male) |
| 24:30 | Queue | Villager (Male) |
| 24:36 | Build | Stable |
| 24:37 | Build | Palisade Wall |
| 24:43 | Queue | Villager (Male) |
| 24:46 | Queue | Cavalry Archer |
Build order — Adam
83 actions detected in the replay
| 0:25 | Build | Town Center |
| 2:35 | Queue | Villager (Male) |
| 2:36 | Queue | Villager (Male) |
| 2:37 | Queue | Villager (Male) |
| 2:42 | Build | House |
| 2:43 | Queue | Villager (Male) |
| 3:27 | Build | House |
| 3:38 | Queue | Villager (Male) |
| 3:39 | Queue | Villager (Male) |
| 3:43 | Build | House |
| 3:57 | Build | House |
| 4:08 | Queue | Villager (Male) |
| 4:08 | Queue | Villager (Male) |
| 4:12 | Build | House |
| 4:28 | Build | House |
| 4:48 | Queue | Villager (Male) |
| 4:59 | Queue | Villager (Male) |
| 5:44 | Queue | Villager (Male) |
| 5:49 | Build | Lumber Camp |
| 5:51 | Queue | Villager (Male) |
| 5:51 | Queue | Villager (Male) |
| 5:52 | Queue | Villager (Male) |
| 6:02 | Queue | Villager (Male) |
| 6:51 | Build | House |
| 6:59 | Queue | Villager (Male) |
| 7:24 | Queue | Villager (Male) |
| 7:27 | Queue | Villager (Male) |
| 7:27 | Queue | Villager (Male) |
| 7:39 | Queue | Villager (Male) |
| 7:39 | Queue | Villager (Male) |
| 8:04 | Build | House |
| 8:32 | Build | House |
| 8:42 | Build | Mill |
| 8:53 | Queue | Villager (Male) |
| 9:30 | Research | Loom |
| 9:42 | Research | Feudal Age |
| 9:42 | Research | Feudal Age |
| 11:12 | Build | House |
| 11:28 | Build | Barracks |
| 11:29 | Build | House |
| 12:11 | Queue | Villager (Male) |
| 12:15 | Age | Feudal Age |
| 12:21 | Build | Stable |
| 12:21 | Research | Double-Bit Axe |
| 12:21 | Research | Double-Bit Axe |
| 12:39 | Queue | Villager (Male) |
| 12:45 | Build | House |
| 13:02 | Queue | Scout Cavalry |
| 13:04 | Build | House |
| 13:04 | Queue | Villager (Male) |
| 13:18 | Queue | Scout Cavalry |
| 13:20 | Queue | Villager (Male) |
| 13:36 | Queue | Scout Cavalry |
| 13:41 | Queue | Villager (Male) |
| 13:52 | Queue | Villager (Male) |
| 14:13 | Build | Mining Camp |
| 14:20 | Queue | Scout Cavalry |
| 14:20 | Queue | Villager (Male) |
| 14:23 | Build | House |
| 14:48 | Queue | Villager (Male) |
| 14:54 | Build | House |
| 14:56 | Build | House |
| 15:00 | Queue | Scout Cavalry |
| 15:05 | Build | Palisade Wall |
| 15:06 | Build | Palisade Wall |
| 15:10 | Queue | Scout Cavalry |
| 15:20 | Queue | Villager (Male) |
| 15:41 | Queue | Villager (Male) |
| 16:03 | Queue | Villager (Male) |
| 16:05 | Build | Blacksmith |
| 16:09 | Build | House |
| 16:10 | Build | Blacksmith |
| 16:17 | Build | Palisade Wall |
| 16:25 | Queue | Villager (Male) |
| 16:37 | Build | Blacksmith |
| 17:15 | Build | House |
| 17:23 | Research | Castle Age |
| 17:57 | Research | Scale Barding Armor |
| 18:11 | Build | House |
| 18:17 | Research | Horse Collar |
| 18:22 | Build | House |
| 18:22 | Build | House |
| 20:03 | Age | Castle Age |
Match timeline
| 2:06 | Imfury_ · wall_segment Palisade Wall x1 |
| 2:07 | Imfury_ · wall_segment Palisade Wall x1 |
| 2:09 | Imfury_ · wall_segment Palisade Wall x1 |
| 6:51 | [CL] FelipeBesitosRicos · wall_segment Palisade Wall x3 |
| 7:15 | Imfury_ · wall_segment Palisade Wall x1 |
| 9:50 | Imfury_ · wall_segment Palisade Wall x1 |
| 9:51 | Imfury_ · wall_segment Palisade Wall x1 |
| 10:13 | Oni.Kingstone · first_building Dock |
| 10:21 | [CL] FelipeBesitosRicos · first_building Barracks |
| 10:31 | Oni.Kingstone · wall_segment Palisade Wall x4 |
| 11:04 | Imfury_ · wall_segment Palisade Wall x6 |
| 11:11 | HGB · first_building Barracks |
| 11:24 | [CL] FelipeBesitosRicos · age_up feudal |
| 11:25 | [CL] FelipeBesitosRicos · first_building Archery Range |
| 11:28 | Adam · first_building Barracks |
| 11:35 | Oni.Kingstone · wall_segment Palisade Wall x7 |
| 11:53 | 展毅 · first_building Barracks |
| 11:55 | Imfury_ · wall_segment Palisade Wall x6 |
| 11:56 | Imfury_ · wall_segment Palisade Wall x11 |
| 11:57 | Oni.Kingstone · wall_segment Palisade Wall x2 |
| 12:15 | Adam · age_up feudal |
| 12:21 | Adam · first_building Stable |
| 12:23 | HGB · age_up feudal |
| 12:23 | BeefBro · first_building Barracks |
| 12:35 | Oni.Kingstone · wall_segment Palisade Wall x1 |
| 12:37 | Oni.Kingstone · wall_segment Palisade Wall x1 |
| 12:38 | Oni.Kingstone · wall_segment Palisade Wall x1 |
| 12:42 | Oni.Kingstone · wall_segment Palisade Wall x1 |
| 12:42 | Oni.Kingstone · wall_segment Palisade Wall x1 |
| 12:43 | Oni.Kingstone · wall_segment Palisade Wall x1 |
| 12:50 | Oni.Kingstone · wall_segment Palisade Wall x1 |
| 12:54 | 抖音ique · first_building Barracks |
| 12:59 | Oni.Kingstone · wall_segment Palisade Wall x12 |
| 13:06 | Oni.Kingstone · first_building Barracks |
| 13:15 | [CL] FelipeBesitosRicos · wall_segment Palisade Wall x5 |
| 13:21 | Imfury_ · first_building Barracks |
| 13:39 | HGB · wall_segment Palisade Wall x1 |
| 13:40 | HGB · wall_segment Palisade Wall x1 |
| 13:40 | HGB · wall_segment Palisade Wall x1 |
| 13:40 | HGB · wall_segment Palisade Wall x2 |
| 13:41 | HGB · wall_segment Palisade Wall x1 |
| 13:41 | HGB · wall_segment Palisade Wall x1 |
| 13:41 | HGB · wall_segment Palisade Wall x1 |
| 13:47 | Oni.Kingstone · wall_segment Palisade Wall x1 |
| 13:50 | 展毅 · age_up feudal |
| 14:01 | Oni.Kingstone · age_up feudal |
| 14:03 | 展毅 · first_building Archery Range |
| 14:08 | 展毅 · wall_segment Palisade Wall x4 |
| 14:09 | 展毅 · wall_segment Palisade Wall x1 |
| 14:11 | Oni.Kingstone · first_building Archery Range |
| 14:47 | 抖音ique · age_up feudal |
| 14:57 | HGB · wall_segment Palisade Wall x1 |
| 15:04 | 抖音ique · wall_segment Palisade Wall x1 |
| 15:05 | 抖音ique · wall_segment Palisade Wall x1 |
| 15:05 | Adam · wall_segment Palisade Wall x4 |
| 15:06 | Adam · wall_segment Palisade Wall x6 |
| 15:11 | Imfury_ · age_up feudal |
| 15:13 | Imfury_ · first_building Archery Range |
| 15:13 | BeefBro · age_up feudal |
| 15:15 | 抖音ique · first_building Stable |
| 15:26 | BeefBro · first_building Stable |
| 15:33 | 抖音ique · wall_segment Palisade Wall x3 |
| 15:37 | 抖音ique · wall_segment Palisade Wall x5 |
| 15:48 | BeefBro · wall_segment Palisade Wall x1 |
| 15:49 | BeefBro · wall_segment Palisade Wall x1 |
| 15:50 | BeefBro · wall_segment Palisade Wall x1 |
| 15:53 | BeefBro · wall_segment Palisade Wall x1 |
| 15:56 | 抖音ique · wall_segment Palisade Wall x1 |
| 16:02 | BeefBro · wall_segment Palisade Wall x2 |
| 16:14 | [CL] FelipeBesitosRicos · first_building Dock |
| 16:17 | Adam · wall_segment Palisade Wall x15 |
| 17:18 | Imfury_ · wall_segment Palisade Wall x1 |
| 17:25 | Oni.Kingstone · age_up castle |
| 17:26 | 展毅 · age_up castle |
| 18:05 | [CL] FelipeBesitosRicos · wall_segment Palisade Wall x3 |
| 18:06 | [CL] FelipeBesitosRicos · wall_segment Palisade Wall x3 |
| 18:08 | 抖音ique · first_market_sell 100 wood |
| 18:13 | [CL] FelipeBesitosRicos · wall_segment Palisade Wall x1 |
| 18:17 | [CL] FelipeBesitosRicos · wall_segment Palisade Wall x1 |
| 18:42 | [CL] FelipeBesitosRicos · wall_segment Palisade Wall x3 |
| 18:42 | 抖音ique · age_up castle |
| 18:45 | 抖音ique · first_building Siege Workshop |
| 18:57 | [CL] FelipeBesitosRicos · wall_segment Palisade Wall x1 |
| 19:02 | [CL] FelipeBesitosRicos · wall_segment Palisade Wall x9 |
| 19:03 | [CL] FelipeBesitosRicos · wall_segment Palisade Wall x4 |
| 19:06 | [CL] FelipeBesitosRicos · wall_segment Palisade Wall x2 |
| 19:07 | HGB · first_market_sell 100 food |
| 19:07 | [CL] FelipeBesitosRicos · wall_segment Palisade Wall x8 |
| 19:07 | HGB · first_market_buy 100 wood |
| 20:03 | Adam · age_up castle |
| 20:12 | Adam · resign |
| 20:57 | 抖音ique · first_market_buy 100 food |
| 21:00 | BeefBro · first_market_buy 100 stone |
| 21:15 | Imfury_ · age_up castle |
| 21:21 | HGB · first_building Stable |
| 21:45 | HGB · wall_segment Palisade Wall x7 |
| 21:46 | 抖音ique · first_building Monastery |
| 21:59 | [CL] FelipeBesitosRicos · first_market_buy 100 food |
| 22:00 | [CL] FelipeBesitosRicos · first_market_sell 100 wood |
| 22:12 | Imfury_ · first_building Siege Workshop |
| 22:23 | Oni.Kingstone · wall_segment Palisade Wall x1 |
| 22:57 | HGB · age_up castle |
| 24:36 | 展毅 · first_building Stable |
| 24:37 | 展毅 · wall_segment Palisade Wall x1 |
| 25:09 | [CL] FelipeBesitosRicos · age_up castle |
| 25:12 | Oni.Kingstone · first_building Stable |
| 25:45 | Imfury_ · first_market_buy 100 food |
| 26:02 | 展毅 · first_market_buy 100 food |
| 27:10 | [CL] FelipeBesitosRicos · first_building Castle |
| 28:34 | Oni.Kingstone · first_market_buy 100 food |
| 28:54 | HGB · first_building Monastery |
| 29:25 | 展毅 · first_building Siege Workshop |
| 29:33 | Oni.Kingstone · first_building Siege Workshop |
| 29:56 | 展毅 · first_market_sell 100 food |
| 31:08 | Oni.Kingstone · first_market_sell 100 wood |
| 31:12 | HGB · wall_segment Palisade Wall x1 |
| 31:13 | HGB · wall_segment Palisade Wall x1 |
| 31:14 | HGB · wall_segment Palisade Wall x1 |
| 31:17 | HGB · wall_segment Palisade Wall x1 |
| 31:19 | HGB · wall_segment Palisade Wall x1 |
| 31:57 | 展毅 · first_building Castle |
| 32:30 | Oni.Kingstone · tribute_sent a jugador 1 |
| 32:30 | Oni.Kingstone · tribute_sent a jugador 2 |
| 32:30 | Oni.Kingstone · tribute_sent a jugador 3 |
| 32:30 | Oni.Kingstone · tribute_sent a jugador 4 |
| 32:30 | Oni.Kingstone · tribute_sent a jugador 5 |
| 32:30 | Oni.Kingstone · tribute_sent a jugador 7 |
| 32:30 | Oni.Kingstone · tribute_sent a jugador 8 |
| 32:36 | Imfury_ · wall_segment Palisade Wall x1 |
| 33:08 | 展毅 · age_up imperial |
| 33:16 | BeefBro · wall_segment Palisade Wall x1 |
| 34:05 | Oni.Kingstone · first_building Monastery |
| 34:12 | BeefBro · age_up castle |
| 34:28 | BeefBro · first_building Monastery |
| 34:56 | [CL] FelipeBesitosRicos · tribute_sent a jugador 2 |
| 34:56 | [CL] FelipeBesitosRicos · tribute_sent a jugador 3 |
| 34:56 | [CL] FelipeBesitosRicos · tribute_sent a jugador 4 |
| 34:56 | [CL] FelipeBesitosRicos · tribute_sent a jugador 5 |
| 34:56 | [CL] FelipeBesitosRicos · tribute_sent a jugador 6 |
| 34:56 | [CL] FelipeBesitosRicos · tribute_sent a jugador 7 |
| 34:56 | [CL] FelipeBesitosRicos · tribute_sent a jugador 8 |
| 35:24 | BeefBro · first_building Castle |
[ AI ANALYSIS · 1 CREDIT ]
What really happened in this match?
Wolo.gg analyzes every decision: build order, eco, micro, common mistakes by bracket. Personalized analysis on WhatsApp or Discord in 30 seconds.
Civ guide
Byzantines
Perfil
HGB